cohdb
Replays
Latest Replays
All Replays
Popular Replays
Top Player Replays
Match Explorer
How It Works
Community
CoH3 Stats
Reddit
Sign in to upload your games and track your stats! →
Sign in with Steam
Match 44603837
Unlisted
Match 44603837
Overview
Messages
Build Orders
End
Kettenkrad Recon Vehicle
Construct Infanterie Kompanie
MG 42 Machine Gun Team
Selects Mechanized Battlegroup
Grenadier Squad
Medical Station
GrW 34 Mortar Team
Grenadier Squad
Kettenkrad Recon Vehicle
Construct Panzergrenadier Kompanie
Pak 40 Anti-tank Gun Team
Selects Raid Package
Construct Luftwaffe Kompanie
Selects Spotting Scopes
Support Elements
Wirbelwind Flakpanzer
Side Skirts
Selects StuG Assault Group
GaisbergKing
S1train
Arturokq
Surveillance-Buoy 2
0
0
Comments
sign in to comment!
No comments posted yet!